 Dungeon Crawl Stone Soup version 0.19-a0-939-g86877d0 (webtiles) character file.

108538 Arkorax the Warrior (level 17, -15/153 HPs)
             Began as a Formicid Fighter on July 8, 2016.
             Was a High Priest of Ashenzari.
             Demolished by a war axe of electrocution (19 damage)
             ... on level 1 of the Elven Halls.
             The game lasted 00:50:39 (37656 turns).

Arkorax the Warrior (Formicid Fighter)             Turns: 37656, Time: 00:50:40

Health: -15/153    AC: 21    Str: 27    XL:     17   Next: 4%
Magic:  17/17      EV:  8    Int:  9    God:    Ashenzari [*****.]
Gold:   1238       SH: 16    Dex: 14    Spells: 2 memorised, 10 levels left

rFire  . . .     SeeInvis +     r - +1 glaive (freeze)
rCold  + + .     Gourm    .     q - +2 chain mail {rC+}
rNeg   . . .     Faith    .     c - +1 shield (curse)
rPois  .         Spirit   .     (helmet unavailable)
rElec  .         Dismiss  .     j - +1 cloak
rCorr  .         Reflect  .     (no gloves)
SustAt .         Harm     .     K - +2 pair of boots
MR     +....     Clarity  +     l - amulet of magic regeneration
Stlth  ..........               H - +4 ring of strength
                                o - ring of protection from cold (curse)

@: somewhat resistant to hostile enchantments, extremely unstealthy
A: permanent stasis, dig shafts and tunnels, four strong arms, antennae 3,
iridescent scales 1
a: Dig, Shaft Self, Curse Item, Scrying, Transfer Knowledge, Renounce Religion


You were on level 1 of the Elven Halls.
You worshipped Ashenzari.
Ashenzari was extremely pleased with you.
You were not hungry.

You visited 5 branches of the dungeon, and saw 25 of its levels.
You also visited: Labyrinth.

You collected 2370 gold pieces.
You spent 1132 gold pieces at shops.

Inventory:

Hand Weapons
 a - a +0 trident
 e - the +6 shillelagh "Devastator" {shatter}
   (You bought it in a shop on level 1 of the Elven Halls)
 r - a +1 glaive of freezing (weapon)
Armour
 c - a cursed +1 shield (worn)
 j - a +1 cloak (worn)
 q - a +2 chain mail of cold resistance (worn)
 K - a +2 pair of boots (worn)
Jewellery
 l - an amulet of magic regeneration (around neck)
 o - a cursed ring of protection from cold (left hand)
 E - an uncursed ring of wizardry
 H - a +4 ring of strength (right hand)
 J - an uncursed ring of protection from fire
 Q - an uncursed ring of protection from cold
 U - an uncursed ring of positive energy
Wands
 d - a wand of paralysis (0/24)
 s - a wand of heal wounds (4/9)
 x - a wand of polymorph (13/24)
 B - a wand of paralysis (2/24)
 C - a wand of iceblast (7/15)
 D - a wand of slowing (29/48)
 L - a wand of lightning (0/15)
 O - a wand of disintegration (9/24)
 X - a wand of paralysis (14/24)
Scrolls
 h - 6 scrolls of enchant armour
 i - a scroll of silence
 k - 4 scrolls of fog
 n - 7 scrolls of immolation
 t - 3 scrolls of enchant weapon
 y - 5 scrolls of magic mapping
 z - 15 scrolls of remove curse
 M - 3 scrolls of recharging
 N - a scroll of amnesia
 W - 4 scrolls of identify
Potions
 m - 3 potions of ambrosia
 p - a potion of cancellation
 u - a potion of heal wounds
 v - a potion of resistance
 F - 5 potions of flight
 G - 3 potions of agility
 S - 7 potions of curing
 T - 3 potions of cure mutation
 V - 2 potions of might
Books
 g - a book of the Tempests

   Spells                             Type                      Level
   a - Static Discharge               Conjuration/Air              3
   b - Lightning Bolt                 Conjuration/Air              5
   c - Fireball                       Conjuration/Fire             5
   d - Tornado                        Air                          9
   e - Shatter                        Earth                        9
 w - a book of Dreams

   Spells                             Type                      Level
   a - Ensorcelled Hibernation        Hexes/Ice                    2
   b - Silence                        Hexes/Air                    5
   c - Darkness                       Hexes                        6
   d - Shadow Creatures               Summoning                    6
 R - a book of Battle

   Spells                             Type                      Level
   a - Infusion                       Charms                       1
   b - Shroud of Golubria             Charms/Translocation         2
   c - Song of Slaying                Charms                       2
   d - Spectral Weapon                Hexes/Charms                 3
   e - Regeneration                   Charms/Necromancy            3
 Z - a book of Party Tricks

   Spells                             Type                      Level
   a - Summon Butterflies             Summoning                    1
   b - Apportation                    Translocation                1
   c - Tukima's Dance                 Hexes                        3
   d - Alistair's Intoxication        Transmutation/Poison         5
   e - Invisibility                   Hexes                        6
Comestibles
 b - 4 meat rations
 f - 4 bread rations
 A - 8 beef jerkies
 I - 32 fruits
 P - 14 slices of pizza
 Y - a royal jelly


   Skills:
 * Level 19.1 Fighting
 * Level 17.7 Polearms
 + Level 6.2 Armour
 - Level 14.2(16.4) Shields


You had 10 spell levels left.
You knew the following spells:

 Your Spells              Type           Power        Failure   Level  Hunger
a - Regeneration          Chrm/Necr      #.........   100%        3    ####...
b - Spectral Weapon       Hex/Chrm       #.......     100%        3    ####...


Dungeon Overview and Level Annotations

Branches:
Dungeon (15/15)            Temple (1/1) D:4            Lair (6/6) D:11
  Swamp (0/4) Lair:3       Spider (0/4) Lair:2        Slime (0/5) Lair:5
    Orc (2/2) D:9             Elf (1/3) Orc:2        Vaults (0/5) D:13
 Depths (0/5) D:15

Altars:
Ashenzari
Cheibriados
Dithmenos
Elyvilon
Fedhas
Gozag
Hepliaklqana
Kikubaaqudgha
Makhleb
Nemelex Xobeh
Okawaru
Pakellas
Qazlal
Ru
Sif Muna
Trog
Uskayaw
Vehumet
Xom
Yredelemnul
Zin
The Shining One

Shops:
D:2 *   D:6 %   D:15 :   Orc:2 [:[(   Elf:1 (


Innate Abilities, Weirdness & Mutations

You are under a permanent stasis effect.
You can dig through walls and to a lower floor.
Your four strong arms can wield two-handed weapons with a shield.
You have a pair of large antennae on your head. (SInv)
You are partially covered in iridescent scales. (AC +4)


Message History

You are too injured to fight recklessly!
You are too injured to fight recklessly!
Unknown command.
Unknown command.
Wield which item (- for none, * to show all)? (? for menu, Esc to quit)
Your +1 glaive of freezing glows with a cold blue light!
r - a +1 glaive of freezing (weapon)
You block the war axe of electrocution's attack.
You barely miss the war axe of electrocution.
The war axe of electrocution is severely damaged.
The war axe of electrocution hits you!
* * * LOW HITPOINT WARNING * * *
You are electrocuted!
* * * LOW HITPOINT WARNING * * *
You closely miss the war axe of electrocution.
The war axe of electrocution is heavily damaged.
The war axe of electrocution hits you.
* * * LOW HITPOINT WARNING * * *
You are electrocuted!
You die...

* #### ###
##...#*
..###
*#.....* *
* ....+,
,+..... **
* , , *
....#
#..:). ,,,,
+ , ,,,
....#
*#...(## ,,
* ....# *
*#@## ,
....# *,
##.## ,*
..#'## ,
##.## * *
** ####.##
* * ##.##
*, * #
##>## *
##.## *, *
##.## * *
##.## *,*
##.## ,
##.###+##*
** ##.##
##'#...##*
* ##.###+#
##.....#,,∆


You could see a war axe of electrocution.

Vanquished Creatures
  Maud (Lair:4)
  Nessos (D:12)
  Azrael (D:12)
  A minotaur (Lab)
  An ettin (D:15)
  Fannar (Lair:2)
  Josephine (Lair:5)
  Erolcha (D:13)
  5 hydras
  4 ogre magi
  5 dancing weapons
  A tengu warrior (D:15)
  The ghost of subsebi the Cleaver, a novice DsCK of Xom (D:7)
  3 death yaks
  Urug (D:12)
  6 deep elf knights (Elf:1)
  5 skeletal warriors
  2 unseen horrors
  3 deep trolls
  10 deep elf archers (Elf:1)
  An orc knight (Orc:1)
  12 hill giants
  A wolf spider zombie (D:15)
  Pikel (D:4)
  20 deep elf magi
  12 ugly things
  A griffon (D:13)
  7 cyclopes
  An orc sorcerer (Orc:1)
  2 manticores
  2 black mambas
  2 gargoyles
  18 spiny frogs
  5 centaur skeletons
  Psyche (D:8)
  A rime drake (Lair:1)
  A kobold demonologist (D:11)
  3 komodo dragons
  A rime drake (shapeshifter) (D:15)
  An efreet (D:13)
  A freezing wraith (D:12)
  A harpy zombie (D:15)
  A wolf spider simulacrum (D:15)
  13 trolls
  8 two-headed ogres
  10 blink frogs
  4 polar bears
  A hornet zombie (D:15)
  8 slime creatures
  A shadow (D:15)
  Sigmund (D:2)
  12 spriggans
  A tarantella (Lair:2)
  A water elemental (Elf:1)
  2 air elementals (Elf:1)
  2 wyverns
  3 wraiths (Lair:5)
  A centaur simulacrum (D:14)
  3 fire elementals
  A tarantella (shapeshifter) (D:14)
  Eustachio (D:6)
  2 redbacks (Lab)
  A human (D:7)
  3 fire bats (Lair:5)
  35 yaks
  8 hungry ghosts
  4 basilisks
  3 vampire mosquitoes (D:15)
  5 hippogriffs
  3 wargs (Orc:2)
  2 insubstantial wisps (Lair:3)
  3 mottled dragons
  A hell hound (shapeshifter) (D:14)
  10 water moccasins
  13 porcupines
  5 hell hounds
  Duvessa (D:6)
  14 orc warriors
  A swamp drake (D:9)
  2 slaves (D:3)
  3 ice beasts
  3 sky beasts
  4 boggarts (Lair:6)
  A necrophage (D:9)
  2 phantoms
  5 black bears
  2 eyes of draining
  3 wasps (Lair:6)
  27 ogres
  36 wolves
  10 crocodiles
  4 big kobolds
  19 giant frogs
  A wyvern zombie (D:14)
  Dowan (D:6)
  4 earth elementals
  4 killer bees (D:8)
  3 scorpions
  A troll skeleton (Lab)
  4 wights (D:12)
  A howler monkey (D:6)
  2 crimson imps
  2 quasits
  A wasp zombie (D:13)
  5 centaur zombies
  7 hounds
  7 jellies
  13 orc priests
  25 orc wizards
  4 giant frog skeletons
  10 iguanas
  Ijyb (D:2)
  Terence (D:2)
  17 worker ants
  A killer bee zombie (D:7)
  6 sheep
  A hound zombie (D:10)
  A howler monkey zombie (D:9)
  8 adders
  A howler monkey skeleton (D:6)
  A gnoll (D:9)
  55 river rats
  6 shadow imps
  An ooze (D:1)
  4 worms
  5 dart slugs
  2 giant geckos
  88 orcs
  2 ball pythons
  13 bats
  A giant cockroach (D:3)
  5 goblins
  14 hobgoblins
  22 jackals
  28 kobolds
  8 quokkas
  4 giant newts
  16 rats
865 creatures vanquished.

Vanquished Creatures (collateral kills)
  A centaur (D:11)
  A crocodile (D:11)
2 creatures vanquished.

Vanquished Creatures (others)
  A slave (D:4)
  An orc (D:13)
  24 fungi
  2 plants
28 creatures vanquished.

Grand Total: 895 creatures vanquished

Notes
Turn   | Place    | Note
-------+----------+-------------------------------------------
     0 | D:1      | Arkorax the Formicid Fighter began the quest for the Orb.
     0 | D:1      | Reached XP level 1. HP: 18/18 MP: 1/1
     0 | D:1      | wow my corpse
    45 | D:1      | Reached XP level 2. HP: 15/24 MP: 2/2
   221 | D:1      | Reached XP level 3. HP: 21/30 MP: 3/3
   545 | D:1      | Reached skill level 4 in Fighting
   795 | D:2      | Reached XP level 4. HP: 37/37 MP: 4/4
  1424 | D:2      | Noticed Ijyb
  1436 | D:2      | Killed Ijyb
  1436 | D:2      | Reached XP level 5. HP: 41/43 MP: 5/5
  1507 | D:2      | Noticed Sigmund
  1524 | D:2      | Killed Sigmund
  1524 | D:2      | Reached skill level 5 in Fighting
  1524 | D:2      | Reached XP level 6. HP: 29/51 MP: 6/6
  1695 | D:2      | Found a sparkling altar of Nemelex Xobeh.
  1722 | D:2      | Noticed Terence
  1733 | D:2      | Killed Terence
  1761 | D:2      | Found a sacrificial altar of Ru.
  1763 | D:2      | Found a shattered altar of Ashenzari.
  1783 | D:2      | Found Zin's Purification Station.
  1783 | D:2      | Found a glowing silver altar of Zin.
  2784 | D:4      | Noticed Pikel
  2784 | D:4      | Noticed a slave
  2784 | D:4      | Noticed a slave
  2784 | D:4      | Noticed a slave
  2785 | D:4      | Noticed a slave
  2806 | D:3      | Killed a slave
  2952 | D:3      | Killed a slave
  3163 | D:4      | Killed Pikel
  3163 | D:4      | Reached skill level 6 in Fighting
  3163 | D:4      | Reached skill level 5 in Polearms
  3163 | D:4      | Reached skill level 5 in Shields
  3163 | D:4      | Reached XP level 7. HP: 59/59 MP: 7/7
  3163 | D:4      | Reached XP level 8. HP: 65/65 MP: 8/8
  3475 | D:4      | Found a staircase to the Ecumenical Temple.
  3481 | D:4      | Reached skill level 7 in Fighting
  3494 | Temple   | Entered the Ecumenical Temple
  3697 | D:2      | Became a worshipper of Ashenzari the Shackled
  4204 | D:5      | Entered Level 5 of the Dungeon
  4407 | D:4      | Reached skill level 8 in Fighting
  4641 | D:5      | Reached XP level 9. HP: 68/74 MP: 9/9
  5014 | D:6      | Noticed Duvessa
  5016 | D:6      | Noticed Dowan
  5037 | D:6      | Killed Duvessa
  5055 | D:6      | Killed Dowan
  5345 | D:6      | Found Okis Hytisk's Food Emporium.
  5419 | D:6      | Reached skill level 9 in Fighting
  5868 | D:6      | Noticed Eustachio
  5915 | D:6      | Killed Eustachio
  6218 | D:6      | Reached * piety under Ashenzari
  6921 | D:7      | Noticed subsebi's ghost (novice DsCK)
  6959 | D:7      | Killed subsebi's ghost
  6959 | D:7      | Reached skill level 10 in Fighting
  6959 | D:7      | Reached XP level 10. HP: 71/85 MP: 10/10
  8130 | D:8      | Noticed Psyche
  8147 | D:8      | Killed Psyche
  8191 | D:8      | Found a glowing golden altar of the Shining One.
  8220 | D:8      | Found a shadowy altar of Dithmenos.
  8299 | D:8      | Found an oddly glowing altar of Pakellas.
  8632 | D:9      | Found a staircase to the Orcish Mines.
  8670 | D:9      | Reached skill level 11 in Fighting
  8783 | D:9      | Reached skill level 10 in Polearms
  8933 | D:9      | Reached ** piety under Ashenzari
  9019 | D:9      | Found a deep blue altar of Sif Muna.
  9031 | D:9      | Reached XP level 11. HP: 77/92 MP: 11/11
  9711 | D:10     | Entered Level 10 of the Dungeon
  9812 | D:10     | Gained mutation: You are partially covered in iridescent scales. (AC +4) [potion of beneficial mutation]
  9932 | D:10     | Noticed a hill giant
  9939 | D:10     | Killed a hill giant
 10001 | D:10     | Reached skill level 12 in Fighting
 10425 | D:11     | Noticed a cyclops
 10457 | D:11     | Killed a cyclops
 10860 | D:11     | Found a staircase to the Lair.
 10940 | D:11     | Noticed a cyclops
 10971 | D:11     | Killed a cyclops
 11180 | D:11     | Reached skill level 10 in Shields
 11459 | D:11     | Got the uncursed leather armour of Kozxaph {Regen+}
 11470 | D:11     | Identified the +1 leather armour of Kozxaph {Regen+} (You found it on level 11 of the Dungeon)
 11657 | D:11     | Reached XP level 12. HP: 102/102 MP: 12/12
 12118 | D:11     | Reached skill level 13 in Fighting
 12463 | D:12     | Noticed Nessos
 12470 | D:12     | Killed Nessos
 12500 | D:12     | Noticed Urug
 12517 | D:12     | Killed Urug
 12939 | D:12     | Reached *** piety under Ashenzari
 14066 | Lair:1   | Entered Level 1 of the Lair of Beasts
 14094 | Lair:1   | Reached skill level 14 in Fighting
 14125 | Lair:1   | Reached XP level 13. HP: 46/112 MP: 13/13
 15406 | Lair:2   | Noticed a seven-headed hydra
 15407 | Lair:2   | Identified a -1 rod of ignition (10/10) (You found it on level 9 of the Dungeon)
 15441 | Lair:1   | Killed a seven-headed hydra
 15847 | Lair:2   | Found a hole to the Spider Nest.
 15883 | Lair:2   | Noticed an eight-headed hydra
 15902 | Lair:2   | Killed an eight-headed hydra
 16712 | Lair:3   | Noticed Fannar
 16722 | Lair:3   | Found a staircase to the Swamp.
 16822 | Lair:2   | Killed Fannar
 16822 | Lair:2   | Reached skill level 15 in Fighting
 16962 | Lair:3   | Reached **** piety under Ashenzari
 17450 | Lair:4   | Noticed Maud
 17472 | Lair:4   | Killed Maud
 17769 | Lair:4   | Found a radiant altar of Vehumet.
 18602 | Lair:5   | Reached XP level 14. HP: 123/123 MP: 14/14
 20034 | Lair:5   | Found a staircase to the Slime Pits.
 20040 | Lair:5   | Noticed Josephine
 20050 | Lair:5   | Killed Josephine
 20054 | Lair:5   | Reached skill level 16 in Fighting
 20615 | Lair:6   | Entered Level 6 of the Lair of Beasts
 20643 | Lair:6   | Found a labyrinth entrance.
 20650 | Lab      | Entered a labyrinth
 20787 | Lab      | Reached skill level 15 in Polearms
 21029 | Lab      | Reached ***** piety under Ashenzari
 21424 | Lair:6   | Learned a level 3 spell: Regeneration
 21428 | Lair:6   | Learned a level 3 spell: Spectral Weapon
 23708 | D:13     | Noticed Azrael
 23878 | D:12     | Killed Azrael
 23878 | D:12     | Reached XP level 15. HP: 66/132 MP: 15/15
 24392 | D:13     | Noticed Erolcha
 24393 | D:13     | Found a shimmering altar of Xom.
 24400 | D:13     | Killed Erolcha
 24698 | D:13     | Found a gate to the Vaults.
 24984 | D:13     | Identified a scroll of acquirement
 25047 | D:13     | Reached skill level 17 in Fighting
 27754 | D:15     | Entered Level 15 of the Dungeon
 28281 | D:15     | Found a staircase to the Depths.
 28580 | D:15     | Found Epoyw's Book Emporium.
 28595 | D:15     | Reached XP level 16. HP: 119/143 MP: 16/16
 28868 | D:15     | Reached skill level 18 in Fighting
 29632 | Orc:1    | Entered Level 1 of the Orcish Mines
 30040 | Orc:2    | Entered Level 2 of the Orcish Mines
 30084 | Orc:2    | Found a staircase to the Elven Halls.
 30969 | Orc:2    | Found Bali's Antique Armour Boutique.
 30987 | Orc:2    | Found Hayrouja's Book Shoppe.
 30992 | Orc:2    | Found Jayfiyxoh's Antique Armour Shop.
 30993 | Orc:2    | Found Nuxaer's Weapon Shop.
 31037 | Orc:2    | Bought a pair of embroidered boots for 144 gold pieces
 31037 | Orc:2    | Bought a transparent chain mail for 304 gold pieces
 31050 | Orc:2    | Identified the +5 chain mail "Fucir" {rElec rF- MR+ Regen+} (You bought it in a shop on level 2 of the Orcish Mines)
 35399 | Elf:1    | Entered Level 1 of the Elven Halls
 35716 | Orc:2    | Reached skill level 5 in Armour
 37218 | Elf:1    | Reached skill level 19 in Fighting
 37376 | Elf:1    | Reached XP level 17. HP: 121/153 MP: 17/17
 37489 | Elf:1    | Found Kyth's Weapon Boutique.
 37525 | Elf:1    | Bought the +6 shillelagh "Devastator" {shatter} for 684 gold pieces
 37656 | Elf:1    | HP: 4/153 [war axe of electrocution (5)]
 37656 | Elf:1    | Demolished by a war axe of electrocution

Vault maps used:
D:1:      nicolae_arrival_memento_mori, nrook_mini_backslash, minmay_circled_x
D:2:      zin_purify, grunt_temple_overflow_open, old_standard_altar,
          uniq_terence, uniq_iyjb, uniq_sigmund
D:3:      first_bread
D:4:      kennysheep_generic_room_14, uniq_pikel
D:5:      st_stairs_9
D:6:      serial_shops, kennysheep_mini_moat, uniq_duvessa, uniq_eustachio
D:7:      grunt_livestock
D:8:      old_standard_altar, grunt_pakellas_sulfur, grunt_dithmenos_smoke,
          uniq_psyche
D:9:      erik_orc_1, led_sif_book
D:10:     serial_glass, glass_columns_a, glass_columns_c, glass_columns_a,
          glass_columns_a
D:11:     dpeg_oklobed_lair, bh_walls_and_bars
D:12:     small_chamber_with_monster, uniq_nessos, uniq_urug
D:13:     erik_vaults_1, basic_altar, uniq_erolcha, uniq_azrael
D:15:     hangedman_depths_entry_civil_slaughter, serial_shops, shop,
          st_stairs_2
Temple:   regret_index_temple_waves
Lair:1:   lemuel_fruit_tree
Lair:2:   spider_nest_entry_rubble, grunt_megastairs_1
Lair:3:   minmay_swamp_entry_wisps, uniq_fannar
Lair:4:   kennysheep_abandoned_house, basic_altar, grunt_forest_large_clearings,
          uniq_maud
Lair:5:   minmay_slime_entry_pillars, grunt_megastairs_5, uniq_josephine
Lair:6:   minmay_lair_end_enchanted_forest, lab_entry_generic
Orc:2:    st_orc_open
Elf:1:    minmay_elf_arrival_plus, serial_shops, shop, evilmike_minifort
Lab:      labyrinth_spiral, nicolae_lab_hexagon, nicolae_lab_plus,
          nicolae_lab_x, nicolae_lab_t_cross, nicolae_lab_starburst,
          labyrinth_glass_1, nicolae_lab_very_dead_end, nicolae_lab_grate,
          nicolae_lab_lava, nicolae_lab_grate_2, lab_block, lab_statue,
          lab_fountain

Skill      XL: |  1  2  3  4  5  6  7  8  9 10 11 12 13 14 15 16 |
---------------+-------------------------------------------------+-----
Fighting       | 4 5 6 8 10 11 12 14 15 16 17 19 | 19.1
Polearms       | 3 4 5 6 8 10 11 13 14 15 16 17 | 17.7
Shields        | 4 5 6 7 8 10 11 12 13 14 | 14.2
Armour         | 6 |  6.2

Action                   |  1- 3 |  4- 6 |  7- 9 | 10-12 | 13-15 | 16-18 || total
-------------------------+-------+-------+-------+-------+-------+-------++-------
Melee: Trident           |    97 |   310 |   281 |       |   211 |    21 ||   920
       Halberd           |       |       |   172 |   214 |       |       ||   386
       Glaive            |       |       |       |   625 |  1468 |   585 ||  2678
       Shillelagh        |       |       |       |       |       |    31 ||    31
Invok: Curse Item        |       |       |       |     2 |       |       ||     2
 Abil: Dig               |       |     2 |     2 |     4 |    10 |    11 ||    29
Evoke: Wand              |       |       |       |     8 |    18 |       ||    26
       Rod               |       |       |       |       |     2 |       ||     2
  Use: Potion            |       |     2 |     6 |     3 |     8 |       ||    19
       Scroll            |       |     3 |       |    21 |     7 |     1 ||    32
 Stab: Paralysed         |       |       |       |     8 |       |       ||     8
       Invisible         |       |       |       |       |    13 |       ||    13
  Eat: Chunk             |       |     4 |     5 |    11 |     9 |     5 ||    34
       Bread ration      |       |     1 |     2 |     2 |     4 |     3 ||    12
       Beef jerky        |       |       |       |     3 |     1 |       ||     4
       Meat ration       |       |       |       |     2 |     5 |     3 ||    10
       Fruit             |       |       |       |       |     4 |       ||     4
Armor: Scale mail        |    31 |    29 |       |       |       |       ||    60
       Chain mail        |       |    65 |    51 |    13 |   562 |   140 ||   831
       Skin              |       |     3 |       |    14 |    13 |       ||    30
       Plate armour      |       |       |   117 |   303 |       |       ||   420
       Leather armour    |       |       |       |     2 |       |       ||     2
Dodge: Dodged            |    33 |    58 |    68 |   159 |   360 |    80 ||   758
Block: Shield            |    52 |   145 |   211 |   462 |  1187 |   351 ||  2408
